 Dungeon Crawl Stone Soup version 0.28.0-53-g5a82cb258f (webtiles) character file.

Game seed: 390404530601512332

12 Zeld the Conjurer (level 2, 0/20 HPs)
             Began as a Draconian Conjurer on June 14, 2022.
             Succumbed to a scorpion's poison
             ... on level 4 of the Dungeon.
             The game lasted 00:01:56 (1102 turns).

Zeld the Conjurer (Draconian Conjurer)              Turns: 1102, Time: 00:01:57

Health: 0/20       AC:  4    Str:  9    XL:     2   Next: 20%
Magic:  2/5        EV: 12    Int: 18    God:
Gold:   69         SH:  0    Dex:  9    Spells: 4/5 levels left

rFire   . . .      SeeInvis .   (no weapon)
rCold   . . .      Faith    .   (no shield)
rNeg    . . .      Spirit   .   (armour unavailable)
rPois   .          Reflect  .   (helmet restricted)
rElec   .          Harm     .   (no cloak)
rCorr   .          Rampage  .   (no gloves)
Will    .....                   (no boots)
Stlth   ++........              (no amulet)
HPRegen 0.06/turn               (no ring)
MPRegen 0.09/turn               (no ring)

@: lethally poisoned (0 -> -7)
A: AC +4, unfitting armour, cold-blooded
a: no special abilities


You were on level 4 of the Dungeon.
You visited 1 branch of the dungeon, and saw 4 of its levels.

You collected 69 gold pieces.

Inventory:

Scrolls
 a - a scroll of amnesia {unknown}
 b - a scroll of teleportation {unknown}


   Skills:
 - Level 1.7 Dodging
 - Level 1.7 Stealth
 + Level 2.1 Spellcasting
 + Level 4.0 Conjurations
 * Level 0.9 Hexes
 * Level 0.9 Translocations


You had 4 spell levels left.
You knew the following spells:

 Your Spells              Type           Power      Damage    Failure   Level
a - Magic Dart            Conj           64%        1d6       3%          1

Your spell library contained the following spells:

 Spells                   Type           Power      Damage    Failure   Level
 Searing Ray              Conj           32%        2d5       4%          2
 Dazzling Flash           Conj/Hex       22%        N/A       19%         3
 Fulminant Prism          Conj/Hex       5%         3d7       54%         4
 Iskenderun's Mystic Bla  Conj/Tloc      10%        2d4       54%         4


Dungeon Overview and Level Annotations

Branches:
Dungeon (4/15)
 Temple: D:4-7

Altars:


Innate Abilities, Weirdness & Mutations

Your plain brown scales are hard. (AC +4)
You cannot fit into any form of body armour.
You are cold-blooded and may be slowed by cold attacks.


Message History

Aim: a scorpion (100% to hit)
The magic dart hits the scorpion but does no damage.
The scorpion stings you.
You are lethally poisoned!
The scorpion poisons you! The scorpion barely misses you.
Casting: Magic Dart (safe; 3% risk of failure)
Confirm with . or Enter, or press ? or * to list all spells.
Aiming: Magic Dart (safe; 3% risk of failure)
Press: ? - help, Shift-Dir - straight line, f/p - scorpion
Aim: a scorpion (100% to hit)
The magic dart hits the scorpion but does no damage.
You hear the slow rusting of a very distant drain.
* * * LOW HITPOINT WARNING * * *
You feel sick. The scorpion misses you.
Unknown command.
Unknown command.
Unknown command.
Unknown command.
Unknown command.
Unknown command.
Unknown command.
Unknown command.
Unknown command.
Unknown command.
* * * LOW HITPOINT WARNING * * *
You feel sick.
There is a stone staircase leading up here.
Unknown command.
It was a potion of curing.
You feel better. The scorpion closely misses you.
Unknown command.
The adder skeleton bites you but does no damage.
The scorpion stings you. The adder skeleton closely misses you.
The scorpion stings you!
* * * LOW HITPOINT WARNING * * *
You are lethally poisoned!
The scorpion poisons you!
* * * LOW HITPOINT WARNING * * *
You feel very sick.
Unknown command.
You die...

#......#.#.#
##........... #
#......#...##
#.####.<#....#..#
#..#..####...#.##
##..## ##......
##sZ## ##.....
####.O.# #...##
#..@...# ##.##
###.....# #..#
##.....# .....
##...... ######
#......# .......#
......# #....


You could see an ogre, a scorpion and an adder skeleton.

Vanquished Creatures
  A worm (D:3)
  An endoplasm (D:1)
  A giant cockroach (D:1)
  2 goblins
  A kobold (D:3)
  A ball python (D:3)
  A frilled lizard (D:1)
  A rat (D:1)
9 creatures vanquished.

Notes
Turn   | Place    | Note
-------+----------+-------------------------------------------
     0 | D:1      | Zeld the Draconian Conjurer began the quest for the Orb.
     0 | D:1      | Reached XP level 1. HP: 14/14 MP: 3/3
   545 | D:3      | Reached XP level 2. HP: 8/20 MP: 0/5
  1079 | D:4      | Noticed an ogre
  1079 | D:4      | Noticed a scorpion
  1101 | D:4      | HP: 1/20 [poisoned by a scorpion]
  1102 | D:4      | Succumbed to a scorpion's poison

Illustrated notes

Levels and vault maps discovered:
D:1:      minmay_arrival_widening_spiral_wide, layout_rooms, serial_shops,
          nicolae_shop_bloodbath_and_beyond, nicolae_shop_advertising_works
          [nicolae_subvault_shop_adworks], nicolae_shop_behind_doors,
          nicolae_shop_crystal, serial_bayou, serial_bayou_shore_a,
          serial_bayou_pond_b, serial_bayou_pond_a, serial_bayou_ford_a
D:2:      layout_basic, serial_shops, nicolae_shop_behind_doors, basic_altar,
          chequers_ecumenical_altar_twisty, uniq_natasha
D:3:      layout_basic, general_overflow_altar,
          mainiacjoe_overflow_cross_hatched
D:4:      layout_layer_cave, portal_sewer_entry_e, serial_glass,
          glass_columns_a, glass_columns_c, glass_columns_a, glass_columns_a,
          minmay_misc_feat_encased

Action                   || total
-------------------------++-------
Melee: Unarmed           ||     3
Throw: Dart              ||     6
 Cast: Magic Dart        ||    22
  Use: Potion            ||     2
Armor: Skin              ||     1
Dodge: Dodged            ||     5
